 Dungeon Sprint DCSS version 0.16-a0-3841-g2612308 (console) character file.

3920 Monkaria the Severer (level 10, -5/103 HPs)
             Began as a Hill Orc Fighter on Jan 30, 2015.
             Was the Champion of Makhleb.
             Slain by Kuepp the pandemonium lord (25 damage)
             ... in the Dungeon (Sprint V: "Ziggurat Sprint").
             The game lasted 00:04:44 (341 turns).

Monkaria the Severer (Hill Orc Fighter)              Turns: 341, Time: 00:04:45

Health: -5/103     AC: 18    Str: 38      XL:     10   Next: 20%
Magic:  5/27       EV:  6    Int:  8      God:    Makhleb [******]
Gold:   0          SH:  0    Dex:  9 (10) Spells: 2 memorised, 2 levels left

rFire  + . .     SeeInvis +     N - +14 obsidian axe {chop, +Fly Str+3 SInv Curse} (curse)
rCold  + . .     Clarity  .     a - +5 gold dragon armour
rNeg   + . .     SustAb   .     (no shield)
rPois  +         Gourm    .     (no helmet)
rElec  .         Spirit   .     (no cloak)
rCorr  .         Warding  +     (no gloves)
rMut   .         NoTele   +     (no boots)
MR     .....                    U - amulet of warding
Stlth  ..........               F - +6 ring of strength
                                E - +6 ring of strength

@: mesmerised, not resistant to hostile enchantments, extremely unstealthy
A: no striking features
a: Minor Destruction, Lesser Servant of Makhleb, Major Destruction, Greater
Servant of Makhleb, Renounce Religion, Evoke Flight


You were in the Dungeon.
You worshipped Makhleb.
Makhleb was exalted by your worship.
You were not hungry.

You visited 1 branch

Inventory:

Hand weapons
 L - a +5 executioner's axe
 M - the +15 heavy crossbow "Sniper" {velocity, SInv}
   (You found it in the Dungeon)

   Any bolt fired from it inflicts extra damage.
   It enhances your eyesight.
 N - the cursed +14 obsidian axe (weapon) {chop, +Fly Str+3 SInv Curse}
   (You found it in the Dungeon)

   It inflicts extra damage upon your enemies.
   It affects your strength (+3).
   It enhances your eyesight.
   It lets you fly.
   It may recurse itself when equipped.
   It has a curse placed upon it.
 P - the +7 Singing Sword
   (You found it in the Dungeon)
 Q - the +0 Sword of Power
   (You found it in the Dungeon)
 R - the +14 plutonium sword {Contam Stlth-}
   (You found it in the Dungeon)

   It causes magical contamination when unequipped.
   It makes you less stealthy.
Missiles
 S - 1000 bolts
Armour
 a - a +5 gold dragon armour (worn)
 O - the +18 shield of the gong {rElec rN+ MR+ EV-5}
   (You found it in the Dungeon)

   It affects your evasion (-5).
   It insulates you from electricity.
   It protects you from negative energy.
   It affects your resistance to hostile enchantments.
 V - the +9 plate armour "Lukhlotu" {Contam rElec SInv}
   (You found it in the Dungeon)

   It insulates you from electricity.
   It enhances your eyesight.
   It causes magical contamination when unequipped.
Jewellery
 y - a +6 ring of dexterity
 B - a +6 ring of dexterity
 E - a +6 ring of strength (left hand)
 F - a +6 ring of strength (right hand)
 U - an amulet of warding (around neck)
Magical devices
 H - a wand of disintegration (7)
 I - a wand of fire (5)
 J - a wand of cold (5)
 K - a wand of draining (5)
Scrolls
 k - 3 scrolls of blinking
 r - 4 scrolls of amnesia
 s - 4 scrolls of recharging
 t - 7 scrolls of fog
 u - a scroll of holy word
 v - 5 scrolls of identify
 w - 5 scrolls of remove curse
 x - 2 scrolls of fear
Potions
 e - 6 potions of might
 f - 10 potions of curing
 g - 9 potions of heal wounds
 h - 6 potions of haste
 i - 7 potions of magic
 j - 3 potions of berserk rage
 l - 2 potions of brilliance
 m - 2 potions of invisibility
 n - 2 potions of restore abilities
 o - 4 potions of resistance
 q - 5 potions of agility
Miscellaneous
 b - a lamp of fire (inert)
 c - a plain deck of defence {drawn: 1}
 p - a plain deck of wonders
 D - a stone of tremors (inert)
 G - a disc of storms
 T - a disc of storms
Comestibles
 d - 5 meat rations
 z - 42 fruits
 A - 4 bread rations
 C - a chunk of flesh


   Skills:
 - Level 14.2 Fighting
 - Level 19.2 Axes
 - Level 3.2 Armour
 - Level 3.2 Shields
 - Level 15.0 Invocations
 + Level 1.0 Evocations


You had 2 spell levels left.
You knew the following spells:

 Your Spells              Type           Power        Failure   Level  Hunger
a - Blink                 Tloc           N/A          100%        2    ###....
b - Blade Hands           Trmt           #.........   100%        5    ######.


Dungeon Overview and Level Annotations

Branches:
Dungeon (1/1)

Altars:
Ashenzari
Cheibriados
Dithmenos
Elyvilon
Fedhas
Gozag
Kikubaaqudgha
Makhleb
Nemelex Xobeh
Okawaru
Qazlal
Ru
Sif Muna
Trog
Vehumet
Xom
Yredelemnul
Zin
The Shining One
Beogh
Jiyva
Lugonu


Message History

You slice the eldritch tentacle!! You open a gate to Pandemonium!
A demon appears!
The eldritch tentacle is severely damaged.
You slice the quasit!!
You kill the quasit!
Makhleb accepts your kill.
You feel a little better.
Your Evocations skill increases to level 1!
Kuepp hits you but does no damage.
The eldritch tentacle completely misses you.
The eldritch tentacle claws you!
* * * LOW HITPOINT WARNING * * *
You slice Kuepp!! You open a gate to Pandemonium!
A demon appears!
Kuepp is moderately wounded.
You hit the eldritch tentacle.
The eldritch tentacle is severely damaged.
Visions of slaying Kuepp flood into your mind.
Your soul eater disappears in a puff of smoke!
Kuepp hits you!!
You die...

▓).)....▓
▓.▓...▓.▓
▓.......▓
▓▓▓▓▓▓▓▓▓
▓..8©8..▓
▓..)[[..▓
▓..}|)..▓
▓..§....▓
▓..@....▓
▓.&w.**.▓
▓.35*...▓
▓.▓...▓.▓
▓.......▓
▓▓▓▓▓▓▓▓▓


You could see Kuepp, an eldritch tentacle, a shadow imp and a friendly neqoxec.

Vanquished Creatures
  A deep elf demonologist (D)
  2 deep elf conjurers (D)
  An orc sorcerer (D)
  A jumping spider (D)
  A deep elf mage (D)
  3 deep elf fighters (D)
  3 water moccasins (D)
  An elf zombie (D)
  2 quasits (D)
  An orc wizard (D)
  2 giant mites (D)
  2 shadow imps (D)
  2 white imps (D)
  An orc (D)
  2 ball pythons (D)
  A fungus (D)
26 creatures vanquished.

Vanquished Creatures (collateral kills)
  A jumping spider (D)
  A blue devil (D)
2 creatures vanquished.

Vanquished Creatures (others)
  A spatial maelstrom (D)
  An earth elemental (D)
  19 eldritch tentacle segments (D)
21 creatures vanquished.

Grand Total: 49 creatures vanquished

Notes
Turn   | Place    | Note
--------------------------------------------------------------
     0 | D        | Monkaria, the Hill Orc Fighter, began the quest for the Orb.
     0 | D        | Reached XP level 1. HP: 19/19 MP: 1/1
     0 | D        | Found a viscous altar of Jiyva.
     0 | D        | Found a corrupted altar of Lugonu.
     0 | D        | Found a white marble altar of Elyvilon.
     0 | D        | Banished a spatial maelstrom
     2 | D        | Found a burning altar of Makhleb.
     2 | D        | Found an iron altar of Okawaru.
     4 | D        | Found a sparkling altar of Nemelex Xobeh.
     4 | D        | Found a basalt altar of Yredelemnul.
     4 | D        | Found a deep blue altar of Sif Muna.
     4 | D        | Found a radiant altar of Vehumet.
     8 | D        | Found a bloodstained altar of Trog.
    21 | D        | Found a shimmering altar of Xom.
    44 | D        | Became a worshipper of Makhleb the Destroyer
    92 | D        | Reached skill level 6 in Fighting
    92 | D        | Reached skill level 8 in Axes
    92 | D        | Reached XP level 2. HP: 23/30 MP: 2/2
   162 | D        | Entered arena 1.
   162 | D        | Noticed an orc wizard
   165 | D        | Killed an orc wizard
   165 | D        | Acquired Makhleb's first power
   165 | D        | Reached skill level 9 in Axes
   165 | D        | Reached XP level 3. HP: 34/38 MP: 3/3
   198 | D        | Entered arena 2.
   198 | D        | Noticed a deep elf fighter
   198 | D        | Noticed an orc sorcerer
   198 | D        | Noticed a deep elf conjurer
   204 | D        | Killed a deep elf conjurer
   204 | D        | Reached skill level 10 in Fighting
   204 | D        | Reached skill level 15 in Axes
   204 | D        | Reached XP level 4. HP: 43/53 MP: 4/4
   204 | D        | Reached XP level 5. HP: 47/59 MP: 5/5
   204 | D        | Reached XP level 6. HP: 53/67 MP: 6/6
   204 | D        | Reached XP level 7. HP: 57/73 MP: 7/7
   206 | D        | Killed an orc sorcerer
   206 | D        | Reached skill level 17 in Axes
   206 | D        | Reached XP level 8. HP: 61/83 MP: 8/8
   207 | D        | Killed a deep elf fighter
   207 | D        | Acquired Makhleb's second power
   223 | D        | Entered arena 3.
   226 | D        | Acquired Makhleb's third power
   240 | D        | Entered arena 4.
   240 | D        | Noticed a jumping spider
   240 | D        | Noticed a jumping spider
   244 | D        | Acquired Makhleb's fourth power
   245 | D        | Killed a jumping spider
   245 | D        | Reached skill level 18 in Axes
   245 | D        | Killed a jumping spider
   258 | D        | Entered arena 5.
   258 | D        | Noticed a water moccasin
   258 | D        | Noticed a water moccasin
   258 | D        | Noticed a water moccasin
   261 | D        | Killed a water moccasin
   261 | D        | Reached XP level 9. HP: 91/94 MP: 9/9
   262 | D        | Killed a water moccasin
   262 | D        | Acquired Makhleb's fifth power
   262 | D        | Reached skill level 19 in Axes
   264 | D        | Killed a water moccasin
   271 | D        | Identified the Catalogue of Changing (You found it in the Dungeon)
   273 | D        | Identified the Almanac of the Voyage (You found it in the Dungeon)
   277 | D        | Learned a level 2 spell: Blink
   283 | D        | Learned a level 5 spell: Blade Hands
   289 | D        | Entered arena 6.
   289 | D        | Noticed a deep elf demonologist
   289 | D        | Noticed a deep elf fighter
   289 | D        | Noticed a deep elf mage
   289 | D        | Noticed a deep elf fighter
   289 | D        | Noticed a deep elf conjurer
   298 | D        | Noticed a Shadow Fiend
   298 | D        | Killed a deep elf fighter
   299 | D        | Noticed a hellion
   299 | D        | Killed a deep elf conjurer
   299 | D        | Killed a deep elf fighter
   299 | D        | Reached skill level 10 in Invocations
   300 | D        | Killed a deep elf mage
   301 | D        | Killed a deep elf demonologist
   301 | D        | Reached XP level 10. HP: 103/103 MP: 7/27
   322 | D        | Got the +9 plate armour "Lukhlotu" {Contam rElec SInv}
   325 | D        | Entered arena 7.
   325 | D        | Noticed a blue devil
   325 | D        | Noticed Kuepp the pandemonium lord
   325 | D        | Noticed a quasit
   325 | D        | Noticed a quasit
   330 | D        | Killed a quasit
   332 | D        | Noticed an eldritch tentacle
   335 | D        | Killed a blue devil
   335 | D        | Reached skill level 15 in Invocations
   340 | D        | Killed a quasit
   340 | D        | Reached skill level 1 in Evocations
   341 | D        | Slain by Kuepp the pandemonium lord

Action                   |  1- 3 |  4- 6 |  7- 9 | 10-12 || total
-------------------------+-------+-------+-------+-------++-------
Melee: Broad axe         |     5 |       |    26 |    10 ||    41
Evoke: Deck              |       |       |       |     1 ||     1
       Lamp of fire (ine |       |       |       |     1 ||     1
       Stone of tremors  |       |       |       |     1 ||     1
       Disc of storms    |       |       |       |     1 ||     1
  Use: Potion            |     1 |       |       |     3 ||     4
       Scroll            |       |       |       |     1 ||     1
